 Dungeon Crawl Stone Soup version 0.27-a0-811-ga052575696 (webtiles) character file.

Game seed: 16667848216963097106

22 EnegeticOcto the Ruffian (level 2, 0/28 HPs)
             Began as a Troll Warper on Mar 29, 2021.
             Slain by a rat (2 damage)
             ... on level 2 of the Dungeon.
             The game lasted 00:00:49 (151 turns).

EnegeticOcto the Ruffian (Troll Warper)              Turns: 151, Time: 00:00:50

Health: 0/28       AC:  4    Str: 15 (18) XL:     2   Next: 68%
Magic:  2/2        EV:  9    Int:  6 (9)  God:
Gold:   7          SH:  0    Dex:  8 (9)  Spells: 3/3 levels left

rFire    . . .     SeeInvis .     - Unarmed
rCold    . . .     Faith    .   (no shield)
rNeg     . . .     Spirit   .   a - +0 robe
rPois    .         Reflect  .   (helmet restricted)
rElec    .         Harm     .   (no cloak)
rCorr    .         Rampage  .   (gloves unavailable)
Will     .....                  (boots unavailable)
Stlth    +.........             (no amulet)
HPRegen  1.09/turn              (no ring)
MPRegen  0.08/turn              (no ring)

@: no status effects
A: large, unfitting armour, claws 3, regeneration 1, shaggy fur 1, tough skin 1
a: no special abilities


You were on level 2 of the Dungeon.
You visited 1 branch of the dungeon, and saw 2 of its levels.

You collected 7 gold pieces.

Inventory:

Missiles
 d - 5 boomerangs of dispersal (quivered)
Armour
 a - a +0 robe (worn)
Scrolls
 c - a scroll of blinking {@r4}
 e - a scroll of identify {unknown}
 f - a scroll of fear {unknown}
 g - a scroll of teleportation {unknown}
 h - a scroll of summoning {unknown}


   Skills:
 + Level 2.0 Fighting
 - Level 0.8 Throwing
 - Level 1.9 Dodging
 * Level 2.9 Unarmed Combat
 - Level 1.2 Spellcasting
 - Level 2.1 Translocations


You had 3 spell levels left.
You didn't know any spells.
Your spell library contained the following spells:

 Spells                   Type           Power      Damage    Failure   Level
 Blink                    Tloc           N/A        N/A       26%         2
 Gell's Gravitas          Tloc           1%         N/A       47%         3
 Lesser Beckoning         Tloc           1%         N/A       47%         3
 Teleport Other           Tloc           3%         N/A       47%         3
 Manifold Assault         Tloc           3%         N/A       99%         5


Dungeon Overview and Level Annotations

Branches:
Dungeon (2/15)

Altars:

Annotations:
D:2 Sigmund


Innate Abilities, Weirdness & Mutations

You are too large for most types of armour.
You have claws for hands.
Your natural rate of healing is unusually fast.
You are covered in fur. (AC +1)
You have tough skin. (AC +1)


Message History

The ball python bites you. The goblin closely misses you.
The ball python bites you.
You scratch the ball python.
You kill the ball python!
The goblin hits you but does no damage.
You have reached level 2!
You scratch the goblin but do no damage.
The goblin hits you but does no damage.
You scratch the goblin.
The goblin is severely wounded.
The goblin hits you but does no damage.
You completely miss the goblin.
The goblin is heavily wounded.
The goblin hits you but does no damage.
You scratch the goblin.
You kill the goblin!
No target in view!
No target in view!
No target in view!
No target in view!
No target in view!
No target in view!
No target in view!
h - a scroll labelled VUG LUDIASOL
Found 11 gold pieces.
Found a stone staircase leading down.
Found 16 bolts.
A frilled lizard comes into view.
A bat comes into view.
The bat barely misses you.
You barely miss the bat. The bat hits you but does no damage. x2
You scratch the bat.
You kill the bat!
You see here a bat corpse.
The frilled lizard closely misses you.
You closely miss the frilled lizard. The frilled lizard misses you.
You closely miss the frilled lizard. The frilled lizard bites you.
You claw the frilled lizard!
You kill the frilled lizard!
No target in view!
No target in view!
No target in view!
No target in view!
No target in view!
No target in view!
Found a hunting sling.
There is a stone staircase leading down here.
You climb downwards.
There is a stone staircase leading up here.
A goblin comes into view. It is wielding a +0 club.
The goblin shouts!
You open the door.
Sigmund the Dreaded comes into view.
He is wielding a +0 scythe of protection.
Sigmund shouts!
An adder comes into view.
Sigmund moves out of view.
The adder hisses angrily.
A rat comes into view.
You claw the goblin!
You kill the goblin!
You barely miss the adder. The adder bites you. The adder barely misses you.
You scratch the adder.
The adder is lightly wounded.
The adder bites you.
You claw the adder!
The adder is almost dead.
The adder bites you.
You are poisoned.
The adder poisons you!
You scratch the adder.
You kill the adder!
You feel sick.
Sigmund points at himself and mumbles some strange words.
Sigmund flickers and vanishes!
Deactivating autopickup; reactivate with Ctrl-A.
Your Fighting skill increases to level 2!
An adder comes into view.
You feel sick.
The adder hisses angrily.
Something hits you!
You claw something!
You hear some strange, mumbled words.
A puff of flame appears from out of thin air!
The puff of flame hits you!
* * * LOW HITPOINT WARNING * * *
You closely miss something.
You feel sick. The rat closely misses you.
A rat comes into view.
You hear some strange, mumbled words.
A magic dart appears from out of thin air!
The magic dart hits you.
* * * LOW HITPOINT WARNING * * *
It was a potion of degeneration.
There was something very wrong with that liquid.
You feel weakened.
You feel dopey.
You feel clumsy.
You feel sick. The rat bites you but does no damage.
You closely miss something.
You feel sick.
You are no longer poisoned.
Something hits you.
* * * LOW HITPOINT WARNING * * *
The rat bites you.
You die...

####. #.##.## ....
#.#... #..# #.#..##
#... #.#...
#.#...##.#.########
#.....<............
##########.##....r.
.......){S......
#######@##......
#r# ..... #.# ....
#.# ... #.# .. #.#
. ..# ..# #####
...#####


You could see an adder and 2 rats.

Vanquished Creatures
  An adder (D:2)
  2 endoplasms
  2 goblins
  A hobgoblin (D:1)
  A kobold (D:1)
  A ball python (D:1)
  3 bats (D:1)
  2 frilled lizards
13 creatures vanquished.

Notes
Turn   | Place    | Note
-------+----------+-------------------------------------------
     0 | D:1      | EnegeticOcto the Troll Warper began the quest for the Orb.
     0 | D:1      | Reached XP level 1. HP: 19/19 MP: 1/1
   104 | D:1      | Reached XP level 2. HP: 22/28 MP: 2/2
   139 | D:2      | Noticed Sigmund
   147 | D:2      | Reached skill level 2 in Fighting
   151 | D:2      | Slain by a rat

Illustrated notes

Levels and vault maps discovered:
D:1:      saegor_arrival_simple_b, layout_rooms, chequers_serial_rivers_room_b
D:2:      layout_basic, old_standard_altar, minivault_19, grunt_ministairs_12,
          chequers_arboretum, minmay_tetromino_o4, uniq_sigmund

Skill      XL: |  1  2 |
---------------+-------+-----
Fighting       | 2 |  2.0
Throwing       | |  0.8
Dodging        | |  1.9
Unarmed Combat | |  2.9
Spellcasting   | |  1.2
Translocations | |  2.1

Action                   || total
-------------------------++-------
Melee: Unarmed           ||    34
  Use: Potion            ||     1
Armor: Robe              ||    10
Dodge: Dodged            ||    14

Table legend: (Time is in decaauts)
 A = Elapsed time spent in this place.
 B = Non-inter-level travel time spent in this place.
 C = Inter-level travel time spent in this place.
 D = Time resting spent in this place.
 E = Time spent auto-exploring this place.
 F = Levels seen in this place.
 G = Mean time per level.
                   A        B        C        D        E       F      G
               +--------+--------+--------+--------+--------+-----+--------+
         Total |    152 |    151 |      1 |      0 |      0 |   2 |   76.0 |
       Dungeon |    152 |    151 |      1 |      0 |      0 |   2 |   76.0 |
               +--------+--------+--------+--------+--------+-----+--------+

Top non-repeatable levels by time:
     D:1: 119 daAuts
     D:2: 33 daAuts
